 Dungeon Crawl Stone Soup version 0.19-a0-1068-g99dd0f4 (webtiles) character file.

3827 poirepourri the Quickloader (level 9, -9/74 HPs)
             Began as a Centaur Hunter on Aug 4, 2016.
             Was a Believer of Okawaru.
             Mangled by an ogre
             ... wielding a +0 giant spiked club
              (14 damage)
             ... on level 8 of the Dungeon.
             The game lasted 00:13:59 (8965 turns).

poirepourri the Quickloader (Centaur Hunter)        Turns: 8965, Time: 00:14:00

Health: -9/74      AC:  8    Str: 14      XL:     9   Next: 97%
Magic:  0/9        EV: 10    Int: 10      God:    Okawaru [**....]
Gold:   9          SH:  0    Dex:  9 (14) Spells: 0 memorised, 8 levels left

rFire  . . .     SeeInvis .     b - +0 short sword
rCold  . . .     Gourm    .     c - +0 leather armour
rNeg   . . .     Faith    .     (no shield)
rPois  .         Spirit   +     (no helmet)
rElec  .         Dismiss  .     p - +1 cloak
rCorr  .         Reflect  .     K - +1 pair of gloves
SustAt .         Harm     .     (no barding)
MR     .....                    y - amulet of guardian spirit
Stlth  +.........               (no ring)
                                (no ring)

@: very quick
A: hooves 3, deformed body, speed 2, tough skin 3
a: Heroism, Renounce Religion


You were on level 8 of the Dungeon.
You worshipped Okawaru.
Okawaru was pleased with you.
You were not hungry.

You visited 2 branches of the dungeon, and saw 9 of its levels.

You collected 9 gold pieces.

Inventory:

Hand Weapons
 b - a +0 short sword (weapon)
Missiles
 d - 14 bolts
Armour
 c - a +0 leather armour (worn)
 p - a +1 cloak (worn)
 K - a +1 pair of gloves (worn)
Jewellery
 e - an uncursed amulet of dismissal
 g - a cursed ring of teleportation {unknown}
 y - an amulet of guardian spirit (around neck)
 E - an uncursed ring of protection from fire {unknown}
 G - an uncursed ring of protection from magic {unknown}
Wands
 i - a wand of enslavement (11/24)
 j - a wand of lightning (0/15)
 m - a wand of acid (0/15)
 x - a wand of digging (14/24)
 C - a wand of flame (2/48)
 D - a wand of flame (25/48)
Scrolls
 s - a scroll of enchant weapon
 I - a scroll of fear
Potions
 h - 3 potions of agility
 l - a potion of mutation
 w - a potion of resistance
Books
 B - a book of Misfortune

   Spells                             Type                      Level
   a - Confusing Touch                Hexes                        1
   b - Confuse                        Hexes                        3
   c - Gell's Gravitas                Hexes/Translocation          3
   d - Petrify                        Transmutation/Earth          4
   e - Metabolic Englaciation         Hexes/Ice                    5
   f - Yara's Violent Unravelling     Hexes/Transmutation          5
Comestibles
 f - 7 bread rations
 t - 3 beef jerkies
 u - 7 slices of pizza
 F - 6 fruits
 H - a meat ration


   Skills:
 * Level 5.0 Fighting
   Level 14.3 Crossbows
 - Level 2.7 Dodging
 - Level 0.5 Stealth
 + Level 0.1 Evocations


You had 8 spell levels left.
You didn't know any spells.

Dungeon Overview and Level Annotations

Branches:
Dungeon (8/15)             Temple (1/1) D:5
   Lair: D:8-11

Altars:
Ashenzari
Cheibriados
Dithmenos
Elyvilon
Fedhas
Hepliaklqana
Kikubaaqudgha
Makhleb
Nemelex Xobeh
Okawaru
Pakellas
Qazlal
Ru
Sif Muna
Trog
Uskayaw
Vehumet
Xom
Yredelemnul
The Shining One

Annotations:
D:8 Maurice


Innate Abilities, Weirdness & Mutations

You have hooves in place of feet.
Armour fits poorly on your strangely shaped body.
You cover ground very quickly.
You have extremely tough skin. (AC +3)


Message History

You closely miss the ogre.
The ogre hits you with a giant spiked club!
* * * LOW HITPOINT WARNING * * *
You hit the ogre.
The ogre is lightly wounded.
The ogre barely misses you.
You hit the ogre but do no damage.
The ogre is lightly wounded.
You barely miss the ogre.
The ogre is lightly wounded.
The ogre hits you with a giant spiked club!
* * * LOW HITPOINT WARNING * * *
You hit the ogre.
The ogre is lightly wounded.
The ogre hits you with a giant spiked club!
* * * LOW HITPOINT WARNING * * *
You barely miss the ogre. You kick the ogre, but do no damage.
The ogre is lightly wounded.
The ogre hits you with a giant spiked club!
You die...

#...#..####
#....#.##....##
[.####.#####.>#
# #.. ##.# ###
#.# #!### #...#
###.# #@# #O#
#.# #.#
...........#
#.#.O...#...#
#...###...#
#### '#.. .o ##


You could see an ogre.

Vanquished Creatures
  Pikel (D:5)
  Prince Ribbit (D:7)
  3 yaks (D:8)
  A hog (D:7)
  A human (D:7)
  2 phantoms
  2 ice beasts
  4 ogres
  A necrophage (D:7)
  2 centaurs
  2 big kobolds
  2 giant frogs
  A water moccasin skeleton (D:7)
  2 scorpions
  4 killer bees (D:7)
  2 crimson imps
  A howler monkey (D:7)
  A quasit (D:8)
  A jelly (D:6)
  3 hounds
  3 giant frog skeletons
  An orc wizard (D:6)
  Crazy Yiuf (D:7)
  4 iguanas
  Ijyb (D:3)
  3 worker ants
  3 sheep (D:7)
  A hound skeleton (D:4)
  5 gnolls
  9 adders
  An adder skeleton (D:6)
  An adder zombie (D:5)
  2 worms (D:4)
  3 giant geckos
  7 orcs
  2 ball pythons
  7 giant cockroaches
  7 goblins
  5 hobgoblins
  17 jackals
  5 quokkas
  4 bats
  2 giant gecko skeletons (D:4)
  3 giant newts
  19 kobolds
  14 rats
167 creatures vanquished.

Vanquished Creatures (others)
  A centaur skeleton (D:5)
  A plant (D:4)
2 creatures vanquished.

Grand Total: 169 creatures vanquished

Notes
Turn   | Place    | Note
-------+----------+-------------------------------------------
     0 | D:1      | poirepourri the Centaur Hunter began the quest for the Orb.
     0 | D:1      | Reached XP level 1. HP: 17/17 MP: 1/1
   107 | D:1      | Reached XP level 2. HP: 17/24 MP: 2/2
   414 | D:1      | Reached skill level 5 in Crossbows
   919 | D:2      | Found a shadowy altar of Dithmenos.
  1061 | D:2      | Reached XP level 3. HP: 29/29 MP: 3/3
  1196 | D:2      | Found a blossoming altar of Fedhas.
  1197 | D:2      | Found a faded altar of an unknown god.
  1686 | D:2      | Found a shimmering altar of Xom.
  1687 | D:2      | Found a deep blue altar of Sif Muna.
  1734 | D:2      | Found a white marble altar of Elyvilon.
  1811 | D:3      | Noticed Ijyb
  1814 | D:3      | Killed Ijyb
  1814 | D:3      | Reached skill level 6 in Crossbows
  1814 | D:3      | Reached XP level 4. HP: 36/36 MP: 4/4
  1950 | D:3      | Found a bloodstained altar of Trog.
  2276 | D:3      | Found a hide-covered altar of Uskayaw.
  2640 | D:4      | Found an ancient bone altar of Kikubaaqudgha.
  2655 | D:4      | Noticed a big kobold
  2689 | D:4      | Killed a big kobold
  2689 | D:4      | Reached skill level 7 in Crossbows
  2689 | D:4      | Reached XP level 5. HP: 17/41 MP: 5/5
  2717 | D:4      | HP: 2/41 [poisoned by a kobold]
  2722 | D:4      | HP: 2/41 [poisoned by a kobold]
  2728 | D:4      | HP: 1/41 [poisoned by a kobold]
  3713 | D:5      | Entered Level 5 of the Dungeon
  3713 | D:5      | Noticed Pikel
  3713 | D:5      | Noticed a slave
  3713 | D:5      | Noticed a slave
  3713 | D:5      | Noticed a slave
  3713 | D:5      | Noticed a slave
  3816 | D:5      | Noticed an ogre
  3823 | D:5      | Killed an ogre
  3823 | D:5      | Reached skill level 8 in Crossbows
  3823 | D:5      | Reached XP level 6. HP: 47/48 MP: 6/6
  3946 | D:5      | Killed Pikel
  3946 | D:5      | Reached skill level 10 in Crossbows
  3946 | D:5      | Reached XP level 7. HP: 15/56 MP: 7/7
  4146 | D:5      | Found a staircase to the Ecumenical Temple.
  4276 | D:5      | Reached XP level 8. HP: 51/62 MP: 8/8
  4457 | D:5      | Found a radiant altar of Vehumet.
  4537 | D:5      | Reached skill level 11 in Crossbows
  4997 | Temple   | Entered the Ecumenical Temple
  5268 | Temple   | Became a worshipper of Warmaster Okawaru
  5467 | D:6      | Found an ancient bone altar of Kikubaaqudgha.
  5847 | D:6      | Reached skill level 12 in Crossbows
  6037 | D:7      | Reached * piety under Okawaru
  6037 | D:7      | Reached XP level 9. HP: 37/70 MP: 9/9
  6736 | D:7      | Found a runed door.
  6921 | D:7      | Reached skill level 13 in Crossbows
  7213 | D:7      | Reached ** piety under Okawaru
  7403 | D:7      | Noticed Crazy Yiuf
  7406 | D:7      | Killed Crazy Yiuf
  7449 | D:8      | Found a basalt altar of Yredelemnul.
  7449 | D:8      | Noticed Prince Ribbit
  7460 | D:7      | HP: 3/71 [Prince Ribbit (16)]
  7466 | D:7      | HP: 2/106 [poisoned by a worker ant]
  7467 | D:7      | Killed Prince Ribbit
  7472 | D:7      | HP: 1/72 [poisoned by a worker ant]
  7478 | D:7      | HP: 2/108 [poisoned by a worker ant]
  7930 | D:8      | Identified the Incunabulum of Love and Death (You found it on level 8 of the Dungeon)
  7962 | D:8      | Reached skill level 14 in Crossbows
  8191 | D:8      | Noticed Maurice
  8903 | D:8      | Reached skill level 5 in Fighting
  8947 | D:8      | Found a burning altar of Makhleb.
  8965 | D:8      | Mangled by an ogre

Vault maps used:
D:1:      dpeg_arrival_pits
D:2:      fedhas_altar_3, nicolae_overflow_hidden_temple,
          nicolae_dithmenos_through_a_glass_darkly, first_bread,
          ecumenical_altar_1
D:3:      lightli_temple_of_fire, marbit_many_paths, uniq_iyjb
D:4:      lemuel_crystal_altar, lexackson_kobold_supper
D:5:      vehumet_altar_wand_db, minmay_liquid_box, uniq_pikel
D:6:      basic_altar, minivault_25
D:7:      grunt_livestock, grunt_decor_cap, uniq_crazy_yiuf_cottage
D:8:      grunt_temple_overflow_order_and_chaos_2, yredelemnul_altar_generic,
          uniq_joseph, uniq_prince_ribbit1, uniq_psyche, uniq_maurice
Temple:   compressed_dpeg_triangle_lava_temple

Skill      XL: |  1  2  3  4  5  6  7  8  9 |
---------------+----------------------------+-----
Crossbows      | 5 6 7 8 10 12 14 | 14.3
Dodging        | 2 |  2.7
Fighting       | 3 5 |  5.0
Stealth        | |  0.5
Evocations     | |  0.1

Action                   |  1- 3 |  4- 6 |  7- 9 || total
-------------------------+-------+-------+-------++-------
Melee: Short sword       |       |     1 |    77 ||    78
       Kick              |       |       |    18 ||    18
       Hand crossbow     |       |       |     1 ||     1
 Fire: Hand crossbow     |   112 |   142 |   260 ||   514
Evoke: Wand              |       |       |    17 ||    17
  Use: Scroll            |     4 |     1 |    17 ||    22
       Potion            |       |     5 |     7 ||    12
  Eat: Meat ration       |     1 |       |     2 ||     3
       Beef jerky        |       |     1 |       ||     1
       Bread ration      |       |       |     1 ||     1
       Fruit             |       |       |     3 ||     3
Armor: Leather armour    |    16 |    25 |   105 ||   146
Dodge: Dodged            |    22 |    27 |   131 ||   180
